 Dungeon Crawl Stone Soup version 0.31.0-10-gcf4a605ca0 (webtiles) character file.

Game seed: 5132766372308955128

4657 fozzywoppz the Basher (level 10, -6/64 HPs)
             Began as a Gargoyle Fighter on Jan 23, 2024.
             Was a Follower of Okawaru.
             Killed from afar by an acid dragon (16 damage)
             ... with a splash of acid
             ... on level 9 of the Dungeon on Jan 25, 2024.
             The game lasted 00:12:29 (8261 turns).

fozzywoppz the Basher (Gargoyle Fighter)            Turns: 8261, Time: 00:12:30

Health: -6/64      AC: 16    Str: 22    XL:     10   Next: 43%
Magic:  11/11      EV:  8    Int: 15    God:    Okawaru [*.....]
Gold:   404        SH:  5    Dex: 11    Spells: 9/9 levels left

rFire   . . .        D - +0 morningstar (holy)
rCold   . . .        c - +0 buckler
rNeg    + . .        m - +0 chain mail
rPois   ∞            d - +0 helmet
rElec   +            f - +0 cloak
rCorr   .            o - +0 pair of gloves
SInv    .            (no boots)
Will    .....        C - amulet of the acrobat Stlth
                     E - +6 ring of intelligence
HPRegen 0.30/turn    (no ring)
MPRegen 0.12/turn

%: acrobat
@: corroded
A: sickness immunity, AC +7, negative energy resistance 1, electricity
resistance, torment resistance 1, petrification resistance, low MP 1
a: Renounce Religion, Heroism


You were on level 9 of the Dungeon.
You worshipped Okawaru.
Okawaru was aware of your devotion.
You visited 2 branches of the dungeon, and saw 10 of its levels.

You collected 432 gold pieces.
You spent 28 gold pieces at shops.

Inventory:

Hand Weapons
 a - a +0 flail
 v - a +5 mace of protection
 y - a +0 morningstar of freezing
 D - a +0 morningstar of holy wrath (weapon)
Missiles
 e - 7 poisoned darts (quivered)
 n - 2 javelins
Armour
 c - a +0 buckler (worn)
 d - a +0 helmet (worn)
 f - a +0 cloak (worn)
 m - a +0 chain mail (worn)
 o - a +0 pair of gloves (worn)
Jewellery
 C - an amulet of the acrobat (around neck)
 E - a +6 ring of intelligence (left hand)
Wands
 p - a wand of flame (18)
 z - a wand of quicksilver (3)
 B - a wand of roots (4)
Scrolls
 i - a scroll of revelation {unknown}
 j - a scroll of butterflies
 l - a scroll of immolation {unknown}
 q - a scroll of teleportation {unknown}
 r - a scroll of blinking {unknown}
 s - 5 scrolls of amnesia {unknown}
 x - a scroll of noise {unknown}
 A - a scroll of poison {unknown}
Potions
 b - 2 potions of curing
 g - a potion of enlightenment
 h - 2 potions of attraction
 k - 5 potions of brilliance
 t - a potion of mutation
 u - a potion of ambrosia
 w - a potion of invisibility
 F - a potion of heal wounds {unknown}


   Skills:
 - Level 8.0 Fighting
 + Level 12.1 Maces & Flails
 - Level 5.0 Armour
 - Level 5.0 Shields
 + Level 4.0 Invocations


You had 9 spell levels left.
You didn't know any spells.
Your spell library contained the following spells:

 Spells                   Type           Power      Damage    Failure   Level
 Magic Dart               Conj           0%         1d3       89%         1
 Ensorcelled Hibernation  Hex/Ice        0%         N/A       96%         2
 Lesser Beckoning         Tloc           0%         N/A       96%         2
 Searing Ray              Conj           0%         2d4       96%         2
 Frozen Ramparts          Ice            0%         1d1       99%         3
 Fugue of the Fallen      Necr           0%         N/A       99%         3
 Gell's Gravitas          Tloc           0%         N/A       99%         3
 Teleport Other           Tloc           0%         N/A       99%         3
 Anguish                  Hex/Necr       0%         N/A       100%        4
 Fulminant Prism          Conj/Alch      0%         3d5       100%        4
 Leda's Liquefaction      Alch/Erth      0%         N/A       100%        4
 Petrify                  Alch/Erth      0%         N/A       100%        4
 Metabolic Englaciation   Hex/Ice        0%         N/A       100%        5
 Malign Gateway           Summ/Tloc      Unusable   N/A       N/A         7
 Summon Horrible Things   Summ           Unusable   N/A       N/A         8

Dungeon Overview and Level Annotations

Branches:
Dungeon (9/15)             Temple (1/1) D:7
   Lair: D:8-11         Orc: D:9-12

Altars:
Ashenzari
Cheibriados
Dithmenos
Elyvilon
Fedhas
Gozag
Hepliaklqana
Kikubaaqudgha
Makhleb
Nemelex Xobeh
Okawaru
Qazlal
Ru
Sif Muna
Trog
Uskayaw
Vehumet
Wu Jian
Xom
The Shining One

Shops:
D:3 ?


Innate Abilities, Weirdness & Mutations

You are immune to sickness and miasma.
Your stone body is resilient. (AC +7)
You are immune to poison.
You resist negative energy. (rN+)
You are resistant to electric shocks. (rElec)
You are resistant to unholy torment.
You are immune to petrification.
Your magical capacity is low. (-10% MP)


Message History

You bump into the rock wall.
The orc priest mumbles some strange prayers to Beogh against you.
Something writhes in agony!
Reactivating autopickup.
You feel a bit more experienced.
Your Invocations skill increases to level 4!
The orc completely misses you.
The orc priest mumbles some strange prayers to Beogh against you.
Beogh smites you!
Things that are here:
a +2 dagger of protection; a +0 robe; an orc corpse You hit the orc.
The orc is severely wounded.
The orc hits you but does no damage.
The orc priest hits you but does no damage.
Unknown command.
You bump into the rock wall.
The orc hits you but does no damage.
The orc priest hits you but does no damage.
You closely miss the orc.
The orc is severely wounded.
You feel less confused. The orc hits you but does no damage.
The orc priest hits you but does no damage.
You hit the orc.
You kill the orc!
Okawaru accepts your kill.
The orc priest invokes the aid of Beogh against you.
Beogh smites you! The acid dragon spits acid at you.
The splash of acid hits you!
* * * LOW HITPOINT WARNING * * *
The acid corrodes you!
You bludgeon the orc priest!!
You kill the orc priest!
Okawaru accepts your kill.
You puncture the acid dragon!
The acid dragon is heavily wounded.
The acid dragon spits acid at you. The splash of acid hits you!
You die...

#....#####
#.#.###..#.
#........#
#.#........
#.....##.#
#.#.####...
#........#
#.#.#...#..
#.....####
#.#.#.#.#.. #####.#
#.#.#.#.... #.#
#.......#.# #.#
###.#.#.#.# #@#
#.#.#.#..
#D).....##.#.#.###
........##...#.##.
.........######.##.
..........# #.##.
#.$........# #.##.
#..........# #....
#.........## #####


You could see an acid dragon (catching breath).

Vanquished Creatures
  Pikel (D:7)
  An ugly thing (D:6)
  2 wyverns
  An orc warrior (D:6)
  An ice beast (D:5)
  2 water moccasins
  Duvessa (D:4)
  2 black bears
  2 ogres
  3 centaurs
  A phantom (D:6)
  6 bullfrogs
  Blork the orc (D:4)
  2 scorpions
  3 wights (D:9)
  Dowan (D:4)
  5 killer bees (D:9)
  2 howler monkeys (D:7)
  2 electric eels (D:7)
  A jelly (D:7)
  2 bombardier beetles
  Crazy Yiuf (D:4)
  7 orc priests
  2 hounds
  A gnoll bouda (D:8)
  A sleepcap (D:5)
  Terence (D:3)
  5 iguanas
  8 orc wizards
  Natasha (twice) (D:3)
  Robin (D:3)
  8 gnolls
  8 adders
  2 white imps
  4 ufetubi
  A dart slug (D:2)
  A ribbon worm (D:3)
  47 orcs
  7 endoplasms
  2 giant cockroaches
  17 goblins
  11 hobgoblins
  4 quokkas
  6 ball pythons
  7 bats
  3 frilled lizards
  3 kobolds (D:3)
  A rat (D:2)
203 creatures vanquished.

Vanquished Creatures (others)
  An orc wizard (D:9)
1 creature vanquished.

Grand Total: 204 creatures vanquished

Notes
Turn   | Place    | Note
-------+----------+-------------------------------------------
     0 | D:1      | fozzywoppz the Gargoyle Fighter began the quest for the
                  | Orb.
     0 | D:1      | Reached XP level 1. HP: 14/14 MP: 1/1
   238 | D:1      | Reached XP level 2. HP: 19/19 MP: 2/2
   643 | D:1      | Reached XP level 3. HP: 23/23 MP: 3/3
   994 | D:2      | Reached XP level 4. HP: 29/29 MP: 4/4
  1571 | D:3      | Noticed Natasha
  1587 | D:3      | Killed Natasha
  1626 | D:3      | Noticed Robin
  1655 | D:3      | Killed Robin
  1656 | D:3      | Reached skill level 3 in Maces & Flails
  1656 | D:3      | Reached XP level 5. HP: 17/33 MP: 5/5
  1790 | D:3      | Found a white marble altar of Elyvilon.
  1805 | D:3      | Noticed Terence
  1828 | D:3      | Killed Terence
  2109 | D:3      | Found a faded altar of an unknown god.
  2150 | D:3      | Found a radiant altar of Vehumet.
  2258 | D:3      | Found Ihull's Magic Scroll Emporium.
  2272 | D:3      | Bought a scroll of identify for 28 gold pieces
  2315 | D:3      | Found a sacrificial altar of Ru.
  2457 | D:3      | Found an ornate altar of the Wu Jian Council.
  2457 | D:3      | Found an ancient bone altar of Kikubaaqudgha.
  2551 | D:3      | Noticed Natasha
  2558 | D:3      | Killed Natasha
  2559 | D:3      | Reached XP level 6. HP: 25/39 MP: 6/6
  2997 | D:4      | Noticed Duvessa
  3001 | D:4      | Noticed Dowan
  3012 | D:4      | Killed Duvessa
  3025 | D:4      | Killed Dowan
  3026 | D:4      | Reached skill level 5 in Fighting
  3026 | D:4      | Reached skill level 5 in Armour
  3026 | D:4      | Reached skill level 5 in Shields
  3142 | D:4      | Reached XP level 7. HP: 40/44 MP: 7/7
  3205 | D:4      | Found a runed translucent door.
  3206 | D:4      | Noticed Crazy Yiuf
  3315 | D:4      | Found a glowing golden altar of the Shining One.
  3345 | D:4      | Reached skill level 4 in Maces & Flails
  3439 | D:4      | Noticed Blork the orc
  3449 | D:4      | Killed Blork the orc
  3788 | D:4      | Killed Crazy Yiuf
  3885 | D:5      | Entered Level 5 of the Dungeon
  4119 | D:5      | Reached skill level 5 in Maces & Flails
  4267 | D:5      | Reached XP level 8. HP: 44/52 MP: 8/8
  4277 | D:5      | Upgraded the game from 0.31.0-7-gf635a9b802 to
                  | 0.31.0-10-gcf4a605ca0
  5290 | D:6      | Reached skill level 6 in Maces & Flails
  5522 | D:6      | Noticed a purple ugly thing
  5528 | D:6      | Gained mutation: Your magical capacity is low. (-10% MP)
                  | [potion of mutation]
  5545 | D:6      | Killed a purple ugly thing
  5546 | D:6      | Reached skill level 8 in Maces & Flails
  5546 | D:6      | Reached XP level 9. HP: 45/59 MP: 8/8
  5860 | D:6      | Reached skill level 9 in Maces & Flails
  5941 | D:6      | Identified the +0 helmet "Earthly Heaven" {rPois Str+3
                  | Int+3}
  6281 | D:7      | Reached skill level 10 in Maces & Flails
  6445 | D:7      | Noticed Pikel
  6456 | D:7      | Killed Pikel
  6457 | D:7      | Reached skill level 11 in Maces & Flails
  6519 | D:7      | Found a staircase to the Ecumenical Temple.
  6578 | D:7      | Reached XP level 10. HP: 24/64 MP: 9/9
  6749 | D:7      | Found a shimmering altar of Xom.
  6891 | Temple   | Entered the Ecumenical Temple
  6931 | Temple   | Became a worshipper of Warmaster Okawaru
  6995 | D:8      | Reached skill level 1 in Invocations
  7514 | D:8      | Identified the +8 trident "Amyaqoexa" {drain, rPois}
  8045 | D:9      | Reached skill level 12 in Maces & Flails
  8051 | D:9      | Reached * piety under Okawaru
  8261 | D:9      | Killed from afar by an acid dragon

Illustrated notes

Levels and vault maps discovered:
D:1:      sevenhm_arrival_forest_fort_small_5, layout_basic
D:2:      layout_basic, corexii_hall_statues_u
D:3:      layout_basic, mainiacjoe_overflow_tiny_flanked,
          mainiacjoe_overflow_surrounded_room, minitemple, elyvilon_altar_1,
          shapermc_ecumenical_altar_acropolis, serial_shops,
          nicolae_lakefront_shop, uniq_terence, uniq_robin, uniq_natasha
D:4:      layout_basic, mainiacjoe_overflow_cross_hatched, kennysheep_dice,
          uniq_duvessa, uniq_blork_the_orc, uniq_crazy_yiuf_cottage
D:5:      layout_layer_cave, minmay_starry_boxes
D:6:      layout_rooms, minmay_three_doors
D:7:      layout_rooms, marbit_many_paths, minmay_temple_entry_stoned_glass,
          serial_bayou_lagoon_b, uniq_pikel
D:8:      layout_cave_pools, special_room [special_room_orc]
D:9:      layout_basic, erik_orc_1, serial_curves, eino_curves_04,
          eino_curves_01
Temple:   nicolae_temple_god_jail

Skill      XL: |  1  2  3  4  5  6  7  8  9 10 |
---------------+-------------------------------+-----
Shields        | 4 5 |  5.0
Fighting       | 4 5 6 8 |  8.0
Armour         | 4 5 |  5.0
Maces & Flails | 3 5 8 11 12 | 12.1
Invocations    | 4 |  4.0

Action                     |  1- 3 |  4- 6 |  7- 9 | 10-12 || total
---------------------------+-------+-------+-------+-------++-------
  Melee: Flail             |    89 |    87 |       |       ||   176
         Mace              |       |    89 |   317 |    83 ||   489
         Morningstar       |       |       |       |   125 ||   125
  Evoke: Wand              |       |       |     2 |       ||     2
    Use: Scroll            |       |     6 |     4 |       ||    10
         Potion            |       |     1 |     1 |       ||     2
 Armour: Scale mail        |    35 |       |       |       ||    35
         Chain mail        |    36 |   196 |   339 |   203 ||   774
  Dodge: Dodged            |    66 |    96 |   123 |   138 ||   423
  Block: Buckler           |    26 |    37 |    79 |    53 ||   195
